 Dungeon Crawl Stone Soup version 0.29.1-1-gd02db6906a (webtiles) character file.

Game seed: 11917262047136638046

81 MisterFreud the Sneak (level 4, 0/21 HPs)
             Began as a Felid Berserker on Oct 7, 2022.
             Was a Believer of Trog.
             Slain by a river rat (4 damage)
             ... in a sewer.
             The game lasted 00:02:50 (3681 turns).

MisterFreud the Sneak (Felid Berserker)             Turns: 3681, Time: 00:02:51

Health: 0/21       AC:  1    Str: 13    XL:     4   Next: 19%
Magic:  5/5        EV: 18    Int:  8    God:    Trog [**....]
Gold:   139        SH:  0    Dex: 17    Spells: 3/3 levels left
                                        Lives:  0   Deaths: 1

rFire   . . .      SeeInvis +     - Unarmed
rCold   . . .      Faith    .   (shield unavailable)
rNeg    . . .      Spirit   .   (body armour unavailable)
rPois   .          Reflect  .   (helmet unavailable)
rElec   .          Harm     .   (cloak unavailable)
rCorr   .          Rampage  .   (gloves unavailable)
Will    .....                   (boots unavailable)
Stlth   +++.......              (no amulet)
HPRegen 0.07/turn               (no ring)
MPRegen 0.09/turn               (no ring)

@: quick
A: very small, claws 1, fangs 3, see invisible, speed 1, shaggy fur 1, stealthy
paws, no weapons or thrown items, no armour, multi-lived
a: Renounce Religion, Berserk, Trog's Hand


You were in a sewer.
You worshipped Trog.
Trog was pleased with you.
You visited 1 branch of the dungeon, and saw 3 of its levels.
You also visited: Sewer.

You collected 139 gold pieces.

Inventory:

Jewellery
 i - a ring of ice
Scrolls
 b - 2 scrolls of immolation
 c - a scroll of identify
Potions
 a - 2 potions of might
 d - 2 potions of curing
 e - a potion of attraction
 f - a potion of magic {unknown}
 g - 2 potions of brilliance
 h - 2 potions of heal wounds


   Skills:
 - Level 3.0 Fighting
 - Level 4.0 Dodging
 + Level 4.8 Stealth
 + Level 4.6 Unarmed Combat


You had 3 spell levels left.
You didn't know any spells.
Your spell library was empty.

Dungeon Overview and Level Annotations

Branches:
Dungeon (3/15)              Sewer (1/1)

Altars:
Trog


Innate Abilities, Weirdness & Mutations

You have sharp claws.
You have razor-sharp teeth.
You have supernaturally acute eyesight. (SInv)
You cover ground quickly. (Speed+)
You are covered in fur. (AC +1)
Your paws help you pounce on unaware monsters.
You are incapable of wielding weapons or throwing items.
You cannot wear armour.
You gain extra lives every three experience levels.


Message History

You claw the river rat! You bite the river rat.
The river rat is almost dead.
The rat completely misses you. The river rat misses you.
You barely miss the river rat.
The river rat is almost dead.
The rat misses you. The river rat misses you.
You scratch the river rat.
You kill the river rat!
Trog accepts your kill.
The rat misses you. x2; The rat barely misses you.
You scratch the rat.
You kill the rat!
Trog accepts your kill. The rat closely misses you.
The rat completely misses you.
You claw the rat!
You kill the rat!
Trog accepts your kill. The rat completely misses you.
The rat closely misses you.
You scratch the river rat.
The river rat is moderately wounded.
The river rat bites you. The rat completely misses you.
You closely miss the river rat.
The river rat is moderately wounded.
The river rat bites you. The rat completely misses you.
You scratch the river rat but do no damage.
The river rat is moderately wounded.
The river rat bites you. The rat closely misses you.
You closely miss the river rat.
The river rat is moderately wounded.
The rat closely misses you. The river rat bites you.
* * * LOW HITPOINT WARNING * * *
You scratch the river rat.
The river rat is heavily wounded.
The rat bites you but does no damage. The river rat barely misses you.
You scratch the river rat but do no damage.
Your bite misses the river rat.
The river rat is heavily wounded.
The river rat bites you.
You die...

~≈.~.~.........~..~.~.~~~~≈~≈~~~#
≈~≈≈≈..~~.....~~~~≈≈~≈~≈~~≈≈≈≈≈≈#
≈≈≈≈≈~~~~..~...~≈≈≈≈≈≈≈≈≈≈≈≈≈≈≈≈≈
≈≈≈≈≈≈≈≈≈≈≈≈~≈~~≈≈≈≈≈≈≈≈≈≈≈≈≈≈≈≈≈
≈≈≈≈≈~~~≈≈~~~~≈≈~~≈≈≈≈≈≈≈≈≈≈≈≈≈≈≈
≈~~≈~~.~...~.~..~~≈~~~~≈~≈≈≈≈≈≈≈≈
≈~..~~........r..~....##
......##.......r.......#
.....####....†..@##... #.....†r##
.r. ..........# r. ....####.....
#..# ###.... ## #####


You could see 2 river rats and a rat.

Vanquished Creatures
  A hound (D:3)
  4 adders
  A river rat (Sewer)
  4 dart slugs
  6 bats
  6 endoplasms
  A giant cockroach (D:2)
  4 goblins
  3 hobgoblins
  12 kobolds
  2 quokkas (D:1)
  8 ball pythons
  18 rats
70 creatures vanquished.

Notes
Turn   | Place    | Note
-------+----------+-------------------------------------------
     0 | D:1      | MisterFreud the Felid Berserker began the quest for the
                  | Orb.
     0 | D:1      | Reached XP level 1. HP: 10/10 MP: 2/2
   257 | D:1      | Reached skill level 1 in Stealth
   317 | D:1      | Reached XP level 2. HP: 14/14 MP: 3/3
   352 | D:1      | Found a faded altar of an unknown god.
  1250 | D:2      | Reached XP level 3. HP: 17/17 MP: 4/4
  1651 | D:2      | Reached ** piety under Trog
  2431 | D:2      | Reached XP level 4. HP: 21/21 MP: 5/5
  2460 | D:2      | Identified the +4 dagger of Embarrassment {protect, rPois
                  | Will+ Int-5 Dex+8}
  2789 | D:3      | Identified the +5 flail of Greed {flame, Fly Str-5 Dex+2
                  | SInv}
  2793 | D:3      | Found a bloodstained altar of Trog.
  3088 | D:3      | Found a glowing drain.
  3109 | Sewer    | Entered a sewer
  3618 | Sewer    | Slain by a river rat
  3619 | Sewer    | Reached XP level 3. HP: -1/17 MP: 4/4
  3646 | Sewer    | Reached XP level 4. HP: 20/21 MP: 5/5
  3681 | Sewer    | Slain by a river rat

Illustrated notes

Levels and vault maps discovered:
D:1:      giann_horns, layout_loops_ring,
          hellmonk_ecumenical_altar_heavens_door, st_stairs_11,
          hangedman_decor_diamond_cutter
D:2:      layout_basic, nicolae_eternal_life
D:3:      layout_basic, mainiacjoe_overflow_small_starburst,
          lemuel_doored_altar, okawaru_gym_becter, cheibrodos_sewer_entry_bend,
          chequers_serial_rivers_room_b, hangedman_decor_points
Sewer:    sewer_minmay_treatment

Skill      XL: |  1  2  3  4 |
---------------+-------------+-----
Stealth        | 1 2 3 4 |  4.8
Unarmed Combat | 4 |  4.6
Fighting       | |  3.0
Dodging        | |  4.0

Action                   |  1- 3 |  4- 6 || total
-------------------------+-------+-------++-------
Melee: Unarmed           |   105 |    86 ||   191
       Bite              |     5 |    11 ||    16
       Punch             |     2 |     1 ||     3
Invok: Berserk           |     1 |     2 ||     3
       Trog's Hand       |       |     1 ||     1
  Use: Scroll            |     7 |     1 ||     8
 Stab: Sleeping          |     8 |     1 ||     9
Armor: Skin              |     7 |     4 ||    11
Dodge: Dodged            |    88 |    90 ||   178
